 Dungeon Crawl Stone Soup version 0.28.0-53-g5a82cb258f (webtiles) character file.

Game seed: 12505684294191749297

252 Stomo the Skirmisher (level 5, 0/70 HPs)
             Began as a Draconian Monk on July 4, 2022.
             Slain by Pikel
             ... wielding a +0 whip of freezing
              (5 damage)
             ... on level 4 of the Dungeon.
             The game lasted 00:05:04 (3491 turns).

Stomo the Skirmisher (Draconian Monk)               Turns: 3491, Time: 00:05:04

Health: 0/70       AC: 22    Str: 12 (15) XL:     5   Next: 89%
Magic:  5/5        EV:  2    Int: 10 (11) God:
Gold:   181        SH:  0    Dex: 11 (13) Spells: 4/4 levels left

rFire   . . .      SeeInvis .   a - +0 mace
rCold   . . .      Faith    .   (no shield)
rNeg    . . .      Spirit   .   (armour unavailable)
rPois   +          Reflect  .   (helmet currently unavailable)
rElec   .          Harm     .   (cloak currently unavailable)
rCorr   .          Rampage  .   (gloves currently unavailable)
Will    .....      NoTele   +   (boots currently unavailable)
Stlth   ++........              (no amulet)
HPRegen 0.21/turn               h - +4 ring of evasion
MPRegen 0.09/turn               (no ring)

@: tree-form
A: stationary, stasis, torment immunity, boosted hp, AC +5, unfitting armour,
(cold-blooded)
a: no special abilities


You were on level 4 of the Dungeon.
You were a tree.
You visited 1 branch of the dungeon, and saw 4 of its levels.

You collected 181 gold pieces.

Inventory:

Hand Weapons
 a - a +0 mace (weapon)
Jewellery
 h - a +4 ring of evasion (left branch)
 j - a ring of fire
Scrolls
 f - 4 scrolls of identify
Potions
 c - a potion of degeneration
 i - a potion of magic
 k - a potion of lignification
 m - a potion of might {unknown}
 n - a potion of attraction {unknown}
 o - a potion of brilliance {unknown}


   Skills:
 + Level 4.9 Fighting
 + Level 4.5 Maces & Flails
 + Level 4.1 Dodging
 - Level 1.7 Stealth


You had 4 spell levels left.
You didn't know any spells.
Your spell library contained the following spells:

 Spells                   Type           Power      Damage    Failure   Level
 Magic Dart               Conj           0%         1d3       36%         1
 Blink                    Tloc           0%         N/A       50%         2
 Ensorcelled Hibernation  Hex/Ice        0%         N/A       50%         2
 Searing Ray              Conj           0%         2d4       50%         2
 Static Discharge         Conj/Air       0%         N/A       50%         2
 Spider Form              Tmut/Pois      0%         N/A       75%         3
 Anguish                  Hex/Necr       0%         N/A       98%         4
 Fulminant Prism          Conj/Hex       0%         3d6       98%         4
 Lightning Bolt           Conj/Air       0%         1d11      100%        5
 Maxwell's Capacitive Co  Air            0%         ∞         100%        8


Dungeon Overview and Level Annotations

Branches:
Dungeon (4/15)             Temple (0/1) D:4

Altars:
Elyvilon
Kikubaaqudgha
Yredelemnul

Shops:
D:1 [   D:2 !

Annotations:
D:4 Pikel


Innate Abilities, Weirdness & Mutations

You are a tree.
Your roots penetrate the ground, keeping you stationary.
You cannot be teleported.
You are immune to unholy pain and torment.
Your maximum health is greatly increased.
Your equipment is partially melded.
((Your plain brown scales are hard. (AC +5)))
You cannot fit into any form of body armour.
((You are cold-blooded and may be slowed by cold attacks.))


Message History

Pikel is moderately wounded.
Pikel hits you but does no damage. The lemure hits you but does no damage.
The lemure hits you.
* * * LOW HITPOINT WARNING * * *
Pikel hits you but does no damage.
You hit Pikel.
Pikel is moderately wounded.
Pikel hits you but does no damage. The lemure hits you but does no damage.
You hit Pikel.
Pikel is heavily wounded.
Pikel drinks a potion.
Pikel is healed!
The lemure hits you but does no damage.
Unknown command.
You hit Pikel but do no damage.
Pikel is heavily wounded.
Pikel hits you but does no damage. The lemure hits you but does no damage.
You hit the lemure.
The lemure is almost dead.
The lemure barely misses you.
Pikel hits you with a +0 whip of freezing.
* * * LOW HITPOINT WARNING * * *
Pikel freezes you.
* * * LOW HITPOINT WARNING * * *
You barely miss Pikel.
Pikel is heavily wounded.
Pikel hits you with a +0 whip of freezing.
* * * LOW HITPOINT WARNING * * *
Pikel freezes you.
* * * LOW HITPOINT WARNING * * *
The lemure hits you but does no damage.
Pikel hits you with a +0 whip of freezing.
* * * LOW HITPOINT WARNING * * *
Pikel freezes you.
* * * LOW HITPOINT WARNING * * *
The lemure hits you but does no damage.
You barely miss Pikel.
Pikel is moderately wounded.
Pikel hits you but does no damage. The lemure hits you but does no damage.
It was a potion of flight.
Your roots keep you in place.
Pikel hits you with a +0 whip of freezing.
You die...

######
##.##..........#
#.######.#.####
#.# #.#.#
#.######.#.#
#........#.#
#############.#
#55.5..# #.#
#K####.# #.#
######## #♣# #.#
#.# .......#
#5####5######.#
...###.#
#.##.......##.#
##.###.#
#.##.#5###.##.####
.......#######
#.##.#.# #.#...##.
##.##........#
#.##.#.# #........
#.##.######.#
#......# ###...##.
##.##.# #.#
####.### ##.###.
#...#.#### #.# #.#
#.# #.


You could see Pikel and 3 lemures.

Vanquished Creatures
  A hound (D:4)
  Jessica (D:2)
  Natasha (D:3)
  4 gnolls (D:3)
  6 adders
  2 worms
  2 orcs
  5 ball pythons
  7 bats
  10 endoplasms
  2 giant cockroaches
  6 goblins
  7 hobgoblins
  3 quokkas
  6 frilled lizards
  3 kobolds
  7 rats
73 creatures vanquished.

Notes
Turn   | Place    | Note
-------+----------+-------------------------------------------
     0 | D:1      | Stomo the Draconian Monk began the quest for the Orb.
     0 | D:1      | Reached XP level 1. HP: 19/19 MP: 1/1
   206 | D:1      | Found Qerecocw's Armour Shop.
   261 | D:1      | Reached XP level 2. HP: 26/26 MP: 2/2
   470 | D:1      | Found a faded altar of an unknown god.
   919 | D:2      | Found Heucwub's Distillery.
   966 | D:2      | Reached XP level 3. HP: 31/33 MP: 3/3
  1084 | D:2      | Noticed Jessica
  1094 | D:2      | Killed Jessica
  1097 | D:2      | Reached XP level 4. HP: 21/40 MP: 4/4
  1101 | D:2      | Got Jessica's Guide on Orientation
  1304 | D:2      | Found an ancient bone altar of Kikubaaqudgha.
  1758 | D:3      | Reached XP level 5. HP: 41/47 MP: 5/5
  2365 | D:3      | Found a basalt altar of Yredelemnul.
  2385 | D:3      | Noticed Natasha
  2393 | D:3      | Killed Natasha
  2576 | D:3      | Found a white marble altar of Elyvilon.
  2973 | D:4      | Found a staircase to the Ecumenical Temple.
  3378 | D:4      | Noticed a lemure
  3380 | D:4      | Noticed Pikel
  3380 | D:4      | Noticed a lemure
  3380 | D:4      | Noticed a lemure
  3420 | D:4      | Noticed a lemure
  3491 | D:4      | Slain by Pikel

Illustrated notes

Levels and vault maps discovered:
D:1:      scummos_arrival_hexagon, layout_rooms, serial_shops, shop,
          hellmonk_ecumenical_altar_run_dry, minmay_octomino_j4
D:2:      layout_basic, serial_shops, nicolae_lakefront_shop, basic_altar,
          kennysheep_jessica_study
D:3:      layout_basic, kennysheep_ying_yang, minmay_quantized, uniq_natasha
D:4:      layout_loops_corners, minmay_temple_entry_statues,
          minmay_misc_feat_enclosed, uniq_pikel

Skill      XL: |  1  2  3  4  5 |
---------------+----------------+-----
Dodging        | 3 4 |  4.1
Fighting       | 4 |  4.9
Maces & Flails | 4 |  4.5
Stealth        | |  1.7

Action                   |  1- 3 |  4- 6 || total
-------------------------+-------+-------++-------
Melee: Mace              |    86 |   184 ||   270
       Tailslap          |    12 |    28 ||    40
       Punch             |       |     1 ||     1
  Use: Potion            |       |     7 ||     7
       Scroll            |       |     4 ||     4
 Stab: Sleeping          |     4 |     5 ||     9
Armor: Skin              |    32 |    70 ||   102
Dodge: Dodged            |    85 |   189 ||   274
